 Dungeon Crawl Stone Soup version 0.22.0-13-g43fe8f2 (webtiles) character file.

175 Loudmushroom the Chopper (level 5, -2/47 HPs)
             Began as a Minotaur Fighter on Aug 16, 2018.
             Slain by a worker ant (5 damage)
             ... on level 4 of the Dungeon.
             The game lasted 00:17:47 (3066 turns).

Loudmushroom the Chopper (Minotaur Fighter)         Turns: 3066, Time: 00:17:48

Health: -2/47      AC:  9    Str: 20    XL:     5   Next: 29%
Magic:  4/4        EV:  5    Int:  5    God:
Gold:   140        SH:  9    Dex: 11    Spells: 4/4 levels left

rFire    . . .     SeeInvis .   a - +0 war axe
rCold    . . .     Gourm    .   c - +0 shield
rNeg     . . .     Faith    .   x - +0 chain mail
rPois    .         Spirit   .   (helmet restricted)
rElec    .         Reflect  .   (no cloak)
rCorr    .         Harm     .   (no gloves)
MR       .....                  (no boots)
Stlth    ..........             (no amulet)
HPRegen  0.15/turn              (no ring)
MPRegen  0.09/turn              (no ring)

@: no status effects
A: retaliatory headbutt, horns 2
a: no special abilities


You were on level 4 of the Dungeon.
You were not hungry.

You visited 1 branch of the dungeon, and saw 4 of its levels.

You collected 140 gold pieces.

Inventory:

Hand Weapons
 a - a +0 war axe (weapon)
 p - a +0 hunting sling
 B - a +0 hunting sling
 C - a +4 hand axe of chopping
 F - a +0 hunting sling
 G - a +0 hunting sling
Missiles
 g - 16 poisoned needles
 n - 140 stones (quivered)
 s - 13 sling bullets
Armour
 c - a +0 shield (worn)
 x - a +0 chain mail (worn)
Jewellery
 b - a +6 ring of evasion {unknown}
 q - a cursed ring of teleportation {unknown}
 w - an uncursed amulet of regeneration {unknown}
Scrolls
 e - 9 scrolls of identify {unknown}
 j - 6 scrolls of remove curse {unknown}
 k - a scroll of immolation {unknown}
 l - a scroll of random uselessness {unknown}
 m - 2 scrolls of fog {unknown}
 r - 2 scrolls of fear {unknown}
 u - 2 scrolls of enchant weapon {unknown}
 v - 2 scrolls of teleportation {unknown}
 y - a scroll of blinking {unknown}
 E - a scroll of magic mapping {unknown}
 H - a scroll of enchant armour {unknown}
Potions
 d - a potion of might
 h - 3 potions of curing {unknown}
 i - a potion of agility {unknown}
 o - a potion of lignification {unknown}
 t - 2 potions of degeneration {unknown}
 A - a potion of brilliance {unknown}
 D - a potion of berserk rage {unknown}
Comestibles
 f - 7 rations
 z - 4 chunks of flesh


   Skills:
 + Level 4.5 Fighting
 * Level 4.6 Axes
 + Level 4.6 Armour
 + Level 4.5 Shields


You had 4 spell levels left.
You didn't know any spells.
Your spell library was empty.

Dungeon Overview and Level Annotations

Branches:
Dungeon (4/15)
 Temple: D:4-7

Altars:
Makhleb
Trog
Xom


Innate Abilities, Weirdness & Mutations

You reflexively headbutt those who attack you in melee.
You have a pair of horns on your head.


Message History

You barely miss the worker ant.
Your chain mail prevents you from hitting the centaur.
The centaur hits you.
* * * LOW HITPOINT WARNING * * *
You block the worker ant's attack. You block the centaur's attack.
You closely miss the worker ant. You hit the centaur but do no damage.
The worker ant barely misses you. You furiously retaliate!
You headbutt the worker ant! You block the centaur's attack.
The worker ant completely misses you.
The centaur hits you but does no damage.
The phantom blinks!
You slash the centaur! Your headbutt misses the centaur.
The centaur is heavily wounded.
Your shield and chain mail prevent you from hitting the worker ant.
The centaur hits you.
* * * LOW HITPOINT WARNING * * *
The worker ant barely misses you. You furiously retaliate!
You headbutt the worker ant, but do no damage.
The centaur closely misses you. The worker ant bites you.
You die...

.........########....##..#.......
..######## #######..'....... ..#
#..#....... ..# #..#....... ..#
#########..#....... ..#
#.......#..'....... ###
#.......#'##.......
#....(.(...........
+.@c...............
#Wa................
....######........... .....
#####....... ....ยง.. #.......
....... #....... ....... #.......
....... #....... '.......


You could see a phantom, a centaur and a worker ant.

Vanquished Creatures
  A crimson imp (D:3)
  2 worker ants (D:4)
  2 adders
  An ooze (D:2)
  12 orcs
  A ball python (D:1)
  5 giant cockroaches
  9 hobgoblins
  4 jackals (D:1)
  2 kobolds
  2 quokkas
  7 bats
  2 frilled lizards
  2 goblins (D:1)
  7 rats
59 creatures vanquished.

Notes
Turn   | Place    | Note
-------+----------+-------------------------------------------
     0 | D:1      | Loudmushroom the Minotaur Fighter began the quest for the Orb.
     0 | D:1      | Reached XP level 1. HP: 19/19 MP: 0/0
   106 | D:1      | Reached XP level 2. HP: 27/27 MP: 1/1
   957 | D:2      | Reached XP level 3. HP: 28/33 MP: 2/2
  2388 | D:3      | Reached XP level 4. HP: 40/40 MP: 3/3
  2526 | D:3      | Found a faded altar of an unknown god.
  2681 | D:3      | Found a bloodstained altar of Trog.
  2710 | D:3      | Found a burning altar of Makhleb.
  2711 | D:3      | Found a shimmering altar of Xom.
  2824 | D:4      | Reached XP level 5. HP: 40/47 MP: 4/4
  3057 | D:4      | Noticed a centaur
  3061 | D:4      | Noticed a phantom
  3066 | D:4      | Slain by a worker ant

Skill      XL: |  1  2  3  4 |
---------------+-------------+-----
Axes           | 3 4 |  4.6
Fighting       | 4 |  4.5
Armour         | 4 |  4.6
Shields        | 4 |  4.5

Action                   |  1- 3 |  4- 6 || total
-------------------------+-------+-------++-------
Melee: War axe           |   101 |    49 ||   150
       Headbutt          |    18 |     8 ||    26
  Eat: Chunk             |     5 |     2 ||     7
Armor: Scale mail        |    42 |       ||    42
       Chain mail        |     4 |    23 ||    27
Dodge: Dodged            |    26 |    11 ||    37
Block: Shield            |    45 |    28 ||    73
